PAA
SACRAMENTO WHITECAPS @ RICHLAND RAILS
07/10/2021
 
TOP OF THE 1ST
Sacramento Whitecaps batting - Pitching for Richland Rails : LHP Carlos Barajas
Pitching: LHP Carlos Barajas
Batting: RHB José Casarreal 0-0: Ball
1-0: Ball
2-0: Called Strike
2-1: Swinging Strike
2-2: Strikes out looking
Batting: RHB Henry Potts 0-0: Ball
1-0: Ball
2-0: Ball
3-0: Called Strike
3-1: Foul Ball, location: 2F
3-2: Foul Ball, location: 2F
3-2: DOUBLE (Line Drive, 78M)
Batting: RHB Mariano Ramírez 0-0: Called Strike
0-1: Swinging Strike
0-2: Ball
1-2: Foul Ball, location: 2F
1-2: Ball
2-2: Fly out, F4 (Line Drive, 4)
Batting: LHB Mario Cruz 0-0: Foul Ball, location: 2F
0-1: Ball
1-1: Foul Ball, location: 2F
1-2: Strikes out swinging
Top of the 1st over - 0 run(s), 1 hit(s), 0 error(s), 1 left on base; Sacramento 0 - Richland 0
BOTTOM OF THE 1ST
Richland Rails batting - Pitching for Sacramento Whitecaps : RHP Thad Floyd
Pitching: RHP Thad Floyd
Batting: LHB Roberto Madrid 0-0: Ball
1-0: Foul Ball, location: 2F
1-1: Ball
2-1: Ball
3-1: Foul Ball, location: 2F
3-2: Strikes out swinging
Batting: LHB Chris Stoltzfus 0-0: Called Strike
0-1: Fly out, F4 (Line Drive, 4)
Batting: RHB Miguel Vidro 0-0: Ball
1-0: Called Strike
1-1: Ball
2-1: Foul Ball, location: 2F
2-2: SINGLE (Groundball, 34D)
Batting: RHB Gustavo Berrios 0-0: Ball
1-0: Ball
2-0: Ball
3-0: Called Strike
3-1: Base on Balls
Miguel Vidro to second
Batting: RHB Alexis Smeddon 0-0: Foul Ball, location: 2F
0-1: Foul Ball, location: 2F
0-2: Foul Ball, location: 2F
0-2: Ground out 5-3 (Groundball, 56)
Bottom of the 1st over - 0 run(s), 1 hit(s), 0 error(s), 2 left on base; Sacramento 0 - Richland 0
TOP OF THE 2ND
Sacramento Whitecaps batting - Pitching for Richland Rails : LHP Carlos Barajas
Batting: LHB Robert Bond 0-0: SINGLE (Groundball, 34D) (infield hit)
Batting: RHB Bill McCarty 0-0: SINGLE (Line Drive, 3D)
Robert Bond to second
Batting: RHB Jackson Shewman 0-0: Called Strike
0-1: Ball
1-1: Foul Ball, location: 2F
1-2: Ball
2-2: Grounds into double play, 6-4-3 (Groundball, 6M)
Robert Bond to third
Batting: RHB Mike Taylor 0-0: Called Strike
0-1: DOUBLE (Groundball, 3L)
Robert Bond scores
Batting: SHB Valentín Guzmán 0-0: Ball
1-0: Fly out, F4 (Popup, 4MD)
Top of the 2nd over - 1 run(s), 3 hit(s), 0 error(s), 1 left on base; Sacramento 1 - Richland 0
BOTTOM OF THE 2ND
Richland Rails batting - Pitching for Sacramento Whitecaps : RHP Thad Floyd
Batting: RHB Francisco Avelleyra 0-0: Called Strike
0-1: Ball
1-1: Called Strike
1-2: Ball
2-2: Foul Ball, location: 2F
2-2: Strikes out swinging
Batting: RHB José Herrera 0-0: Ball
1-0: Swinging Strike
1-1: Foul Ball, location: 2F
1-2: Foul Ball, location: 2F
1-2: Strikes out swinging
Batting: RHB Zach Lewis 0-0: Ball
1-0: Ball
2-0: Ball
3-0: Called Strike
3-1: Ground out 6-3 (Groundball, 6S)
Bottom of the 2nd over - 0 run(s), 0 hit(s), 0 error(s), 0 left on base; Sacramento 1 - Richland 0
TOP OF THE 3RD
Sacramento Whitecaps batting - Pitching for Richland Rails : LHP Carlos Barajas
Batting: RHB José Casarreal 0-0: Ball
1-0: Called Strike
1-1: Ball
2-1: Ball
3-1: Foul Ball, location: 2F
3-2: SINGLE (Line Drive, 7LM)
Batting: RHB Henry Potts 0-0: Called Strike
0-1: Ball
1-1: Called Strike
1-2: Foul Ball, location: 2F
1-2: Foul Ball, location: 2F
1-2: Foul Ball, location: 2F
1-2: SINGLE (Line Drive, 89S)
José Casarreal to second
Batting: RHB Mariano Ramírez 0-0: Ball
1-0: Swinging Strike
1-1: Ball
2-1: Called Strike
2-2: Foul Ball, location: 2F
2-2: Strikes out swinging
Batting: LHB Mario Cruz 0-0: SINGLE (Groundball, 6MD) (infield hit)
José Casarreal to third
Henry Potts to second
Batting: LHB Robert Bond 0-0: Called Strike
0-1: Ball
1-1: Ball
2-1: Ball
3-1: Base on Balls
José Casarreal scores
Henry Potts to third
Mario Cruz to second
Batting: RHB Bill McCarty 0-0: Ball
1-0: Foul Ball, location: 2F
1-1: Ball
2-1: Ball
3-1: Foul Ball, location: 2F
3-2: Base on Balls
Henry Potts scores
Mario Cruz to third
Robert Bond to second
Batting: RHB Jackson Shewman 0-0: Fly out, F5 (Popup, 5SF)
Batting: RHB Mike Taylor 0-0: Ball
1-0: Foul Ball, location: 2F
1-1: Ball
2-1: Foul Ball, location: 2F
2-2: Ball
3-2: Base on Balls
Mario Cruz scores
Robert Bond to third
Bill McCarty to second
Batting: SHB Valentín Guzmán 0-0: Called Strike
0-1: Ball
1-1: Ball
2-1: Called Strike
2-2: Foul Ball, location: 2F
2-2: Fly out, F7 (Flyball, 78M)
Top of the 3rd over - 3 run(s), 3 hit(s), 0 error(s), 3 left on base; Sacramento 4 - Richland 0
BOTTOM OF THE 3RD
Richland Rails batting - Pitching for Sacramento Whitecaps : RHP Thad Floyd
Batting: RHB Andrew Hall 0-0: Swinging Strike
0-1: Ball
1-1: Ball
2-1: Ball
3-1: Called Strike
3-2: Foul Ball, location: 2F
3-2: Fly out, F6 (Line Drive, 6)
Batting: LHB Roberto Madrid 0-0: Fly out, F7 (Flyball, 7LM)
Batting: LHB Chris Stoltzfus 0-0: Ball
1-0: Ground out 4-3 (Groundball, 34)
Bottom of the 3rd over - 0 run(s), 0 hit(s), 0 error(s), 0 left on base; Sacramento 4 - Richland 0
TOP OF THE 4TH
Sacramento Whitecaps batting - Pitching for Richland Rails : LHP Carlos Barajas
Batting: RHB José Casarreal 0-0: Ball
1-0: Ball
2-0: Swinging Strike
2-1: Ground out 1-3 (Groundball, 13S)
Batting: RHB Henry Potts 0-0: Ball
1-0: Called Strike
1-1: Fly out, F8 (Flyball, 8LM)
Batting: RHB Mariano Ramírez 0-0: Reached on error, E5 (Groundball, 5S)
Batting: LHB Mario Cruz 0-0: Ball
1-0: Ball
2-0: Foul Ball, location: 2F
2-1: Ball
3-1: Foul Ball, location: 2F
3-2: Ground out 4-3 (Groundball, 4)
Top of the 4th over - 0 run(s), 0 hit(s), 1 error(s), 1 left on base; Sacramento 4 - Richland 0
BOTTOM OF THE 4TH
Richland Rails batting - Pitching for Sacramento Whitecaps : RHP Thad Floyd
Batting: RHB Miguel Vidro 0-0: Ball
1-0: Ball
2-0: Fly out, F3 (Popup, 34S)
Batting: RHB Gustavo Berrios 0-0: Ball
1-0: DOUBLE (Flyball, 8LD)
Batting: RHB Alexis Smeddon 0-0: Ball
1-0: Ball
2-0: Ball
3-0: Called Strike
3-1: Base on Balls
Batting: RHB Francisco Avelleyra 0-0: Called Strike
0-1: Called Strike
0-2: Strikes out swinging
Batting: RHB José Herrera 0-0: Ball
1-0: Foul Ball, location: 2F
1-1: Ball
2-1: Fielders Choice at 2nd, U4 (Groundball, 4M)
Bottom of the 4th over - 0 run(s), 1 hit(s), 0 error(s), 2 left on base; Sacramento 4 - Richland 0
TOP OF THE 5TH
Sacramento Whitecaps batting - Pitching for Richland Rails : LHP Carlos Barajas
Batting: LHB Robert Bond 0-0: Ball
1-0: Foul Ball, location: 2F
1-1: Ball
2-1: Foul Ball, location: 2F
2-2: Foul Ball, location: 2F
2-2: SINGLE (Groundball, 15S) (infield hit)
Batting: RHB Bill McCarty 0-0: Swinging Strike
0-1: Sac Bunt - play at first, batter OUT! 1-4
Robert Bond to second
Batting: RHB Jackson Shewman 0-0: Intentional Walk
Batting: RHB Mike Taylor 0-0: Called Strike
0-1: Ball
1-1: Called Strike
1-2: Ball
2-2: Strikes out swinging
Batting: SHB Valentín Guzmán 0-0: Foul Ball, location: 2F
0-1: Ball
1-1: Ball
2-1: Called Strike
2-2: Strikes out looking
Top of the 5th over - 0 run(s), 1 hit(s), 0 error(s), 2 left on base; Sacramento 4 - Richland 0
BOTTOM OF THE 5TH
Richland Rails batting - Pitching for Sacramento Whitecaps : RHP Thad Floyd
Batting: RHB Zach Lewis 0-0: Foul Ball, location: 2F
0-1: Foul Ball, location: 2F
0-2: Ball
1-2: Foul Ball, location: 2F
1-2: Ball
2-2: Ball
3-2: Base on Balls
Batting: RHB Andrew Hall 0-0: Ball
1-0: Ball
2-0: Swinging Strike
2-1: Ball
3-1: Fly out, F8 (Flyball, 8LM)
Batting: LHB Roberto Madrid 0-0: Ball
1-0: Foul Ball, location: 2F
1-1: Called Strike
1-2: Hit by Pitch
Zach Lewis to second
Batting: LHB Chris Stoltzfus 0-0: Ball
1-0: Swinging Strike
1-1: Swinging Strike
1-2: Ball
2-2: Foul Ball, location: 2F
2-2: Foul Ball, location: 2F
2-2: SINGLE (Line Drive, 4M)
Zach Lewis to third
Roberto Madrid to second
Runner from 3rd tries for Home, SAFE, no throw or cutoff
Batting: RHB Miguel Vidro 0-0: Called Strike
0-1: Ball
1-1: Swinging Strike
1-2: Grounds into double play, 5-4-3 (Groundball, 56)
Bottom of the 5th over - 1 run(s), 1 hit(s), 0 error(s), 1 left on base; Sacramento 4 - Richland 1
TOP OF THE 6TH
Sacramento Whitecaps batting - Pitching for Richland Rails : LHP Carlos Barajas
Batting: RHB José Casarreal 0-0: Called Strike
0-1: Swinging Strike
0-2: Ball
1-2: Strikes out swinging
Batting: RHB Henry Potts 0-0: Swinging Strike
0-1: Ball
1-1: Ball
2-1: Fly out, F4 (Popup, 4D)
Batting: RHB Mariano Ramírez 0-0: Ball
1-0: Swinging Strike
1-1: SINGLE (Groundball, 56D)
Batting: LHB Mario Cruz 0-0: Called Strike
0-1: Ball
1-1: Swinging Strike
1-2: DOUBLE (Line Drive, 9LS)
Mariano Ramírez to third
Pitching: RHP Tim Gordon
Batting: LHB Robert Bond 0-0: Called Strike
0-1: Foul Ball, location: 2F
0-2: Strikes out looking
Top of the 6th over - 0 run(s), 2 hit(s), 0 error(s), 2 left on base; Sacramento 4 - Richland 1
BOTTOM OF THE 6TH
Richland Rails batting - Pitching for Sacramento Whitecaps : RHP Thad Floyd
Batting: RHB Gustavo Berrios 0-0: Called Strike
0-1: Hit by Pitch
Batting: RHB Alexis Smeddon 0-0: Ball
1-0: Ball
2-0: Ball
3-0: Called Strike
3-1: Base on Balls
Gustavo Berrios to second
Batting: RHB Francisco Avelleyra 0-0: SINGLE (Flyball, 7S)
Gustavo Berrios to third
Alexis Smeddon to second
Batting: RHB José Herrera 0-0: Called Strike
0-1: Ball
1-1: Ball
2-1: Fly out, F8 (Flyball, 8RM)
Runner from 3rd tags up, SCORES, throw made
Batting: RHB Zach Lewis 0-0: Ball
1-0: Foul Ball, location: 2F
1-1: Fly out, F8 (Line Drive, 8RM)
Batting: RHB Andrew Hall 0-0: Ball
1-0: Ball
2-0: Ball
3-0: Base on Balls
Alexis Smeddon to third
Francisco Avelleyra to second
Batting: LHB Roberto Madrid 0-0: DOUBLE (Line Drive, 9LS)
Alexis Smeddon scores
Francisco Avelleyra scores
Andrew Hall to third
Runner from 3rd tries for Home, throw and OUT!
Bottom of the 6th over - 3 run(s), 2 hit(s), 0 error(s), 1 left on base; Sacramento 4 - Richland 4
TOP OF THE 7TH
Sacramento Whitecaps batting - Pitching for Richland Rails : RHP Tim Gordon
Batting: RHB Bill McCarty 0-0: Foul Ball, location: 2F
0-1: Ball
1-1: Foul Ball, location: 2F
1-2: Ball
2-2: Strikes out swinging
Pinch Hitting: RHB Cullen Spencer 0-0: Ball
1-0: Ball
2-0: Foul Ball, location: 2F
2-1: Ball
3-1: Foul Ball, location: 2F
3-2: Base on Balls
Batting: RHB Mike Taylor 0-0: Called Strike
0-1: Called Strike
0-2: Strikes out looking
Pinch Hitting: LHB Jarred Smith 0-0: Swinging Strike
0-1: Ball
1-1: Foul Ball, location: 2F
1-2: Ball
2-2: Fly out, F8 (Flyball, 8RXD)
Top of the 7th over - 0 run(s), 0 hit(s), 0 error(s), 1 left on base; Sacramento 4 - Richland 4
BOTTOM OF THE 7TH
Richland Rails batting - Pitching for Sacramento Whitecaps : RHP Thad Floyd
Now at SS: Geremia Napolitano
Now in LF: Jim Unknown
Batting: LHB Chris Stoltzfus 0-0: Foul Ball, location: 2F
0-1: Ball
1-1: Called Strike
1-2: Ball
2-2: Ball
3-2: Base on Balls
Pitching: RHP Pablo Solano
Batting: RHB Miguel Vidro 0-0: DOUBLE (Line Drive, 7LD)
Chris Stoltzfus to third
Batting: RHB Gustavo Berrios 0-0: Ball
1-0: Called Strike
1-1: Ball
2-1: Ball
3-1: Foul Ball, location: 2F
3-2: Base on Balls
Batting: RHB Alexis Smeddon 0-0: Called Strike
0-1: Ball
1-1: Foul Ball, location: 2F
1-2: Ball
2-2: Fly out, F8 (Line Drive, 8RM)
Runner from 3rd tags up, SCORES, no throw
Pinch Runner at 2nd Ramón Cruz:
Batting: RHB Francisco Avelleyra 0-0: Called Strike
Ramón Cruz is caught stealing 3rd base
Gustavo Berrios to second
0-1: Swinging Strike
0-2: Foul Ball, location: 2F
0-2: Strikes out looking
Bottom of the 7th over - 1 run(s), 1 hit(s), 0 error(s), 1 left on base; Sacramento 4 - Richland 5
TOP OF THE 8TH
Sacramento Whitecaps batting - Pitching for Richland Rails : RHP Tim Gordon
Now at 3B: Ramón Cruz
Batting: RHB José Casarreal 0-0: Called Strike
0-1: Called Strike
0-2: Ball
1-2: Ground out 3-1 (Groundball, 34)
Batting: RHB Henry Potts 0-0: Ball
1-0: Called Strike
1-1: Swinging Strike
1-2: Foul Ball, location: 2F
1-2: Strikes out swinging
Batting: RHB Mariano Ramírez 0-0: Ball
1-0: Ball
2-0: SOLO HOME RUN (Flyball, 7D), Distance : 357 ft
Batting: LHB Mario Cruz 0-0: Ball
1-0: Foul Ball, location: 2F
1-1: Ball
2-1: Ground out 3-1 (Groundball, 34S)
Top of the 8th over - 1 run(s), 1 hit(s), 0 error(s), 0 left on base; Sacramento 5 - Richland 5
BOTTOM OF THE 8TH
Richland Rails batting - Pitching for Sacramento Whitecaps : RHP Pablo Solano
Batting: RHB José Herrera 0-0: Ball
1-0: Foul Ball, location: 2F
1-1: Ball
2-1: Ball
3-1: Base on Balls
Batting: RHB Zach Lewis 0-0: Bunted foul
0-1: Bunted foul
0-2: Strikes out swinging
Pinch Hitting: LHB Valentín Salas 0-0: Ball
1-0: Called Strike
1-1: Foul Ball, location: 2F
1-2: Strikes out looking
Pinch Hitting: RHB Tiaki Kunani 0-0: Ball
1-0: Called Strike
1-1: Ball
Wild Pitch!
José Herrera to second
2-1: Swinging Strike
2-2: Foul Ball, location: 2F
2-2: Foul Ball, location: 2F
2-2: Ball
3-2: Ground out 4-3 (Groundball, 4)
Bottom of the 8th over - 0 run(s), 0 hit(s), 0 error(s), 1 left on base; Sacramento 5 - Richland 5
TOP OF THE 9TH
Sacramento Whitecaps batting - Pitching for Richland Rails : RHP Tim Gordon
Pitching: LHP Daniel León
Now at 1B: César López
Now at 3B: Valentín Salas
Batting: LHB Robert Bond 0-0: Foul Ball, location: 2F
0-1: Ball
1-1: Ball
2-1: Ball
3-1: Swinging Strike
3-2: SINGLE (Flyball, 78S)
Batting: RHB Bill McCarty 0-0: Bunted foul
0-1: Bunted foul
0-2: Ball
1-2: SINGLE (Flyball, 9S)
Robert Bond to second
Runner from 2nd tries for 3rd, SAFE, throw made to third
Bill McCarty to second
Batting: LHB Geremia Napolitano 0-0: Intentional Walk
Pinch Hitting: RHB Jake Castle 0-0: Ball
1-0: Fly out, F9 (Flyball, 89S)
Pinch Hitting: SHB Javier Zumaya 0-0: Foul Ball, location: 2F
0-1: Foul Ball, location: 2F
0-2: Fly out, F8 (Flyball, 8RM)
Runner from 3rd tags up, SCORES, throw made
Pitching: RHP Jim Unknown
Batting: RHB José Casarreal 0-0: Fly out, F4 (Line Drive, 4D)
Top of the 9th over - 1 run(s), 2 hit(s), 0 error(s), 2 left on base; Sacramento 6 - Richland 5
BOTTOM OF THE 9TH
Richland Rails batting - Pitching for Sacramento Whitecaps : RHP Pablo Solano
Pitching: RHP Jim Unknown
Now at C: Bernaldyn Berbedo
Now at 3B: Alfonso López
Now in LF: Jake Castle
Batting: LHB Chris Stoltzfus 0-0: Ball
1-0: Called Strike
1-1: Ball
2-1: Fly out, F7 (Flyball, 78M)
Pinch Hitting: LHB Kevin Montgomery 0-0: Ball
1-0: Ball
2-0: Hit by Pitch
Batting: RHB Gustavo Berrios 0-0: SINGLE (Line Drive, 4D)
Kevin Montgomery to second
Throwing error, E9
Kevin Montgomery scores
Gustavo Berrios to second
Batting: RHB Alexis Smeddon 0-0: Intentional Walk
Batting: RHB Francisco Avelleyra 0-0: Called Strike
0-1: Ball
1-1: Ball
2-1: Ball
3-1: Fielders Choice at 2nd, 5-4 (Groundball, 56)
Gustavo Berrios to third
Batting: RHB José Herrera 0-0: Ball
1-0: Called Strike
1-1: Called Strike
1-2: Ball
2-2: DOUBLE (Flyball, 78D)
Gustavo Berrios scores
This league is powered by Out of the Park Baseball, the baseball management simulation game for PC, Mac and Linux
Friday, January 22nd, 2016 - OOTP Baseball 16.9 Build 39